 Dungeon Crawl Stone Soup version 0.27-a0-650-g8dd3ea4f36 (webtiles) character file.

Game seed: 8987603196004641192

221 pokeman the Magician (level 5, 0/29 HPs)
             Began as a Deep Elf Hedge Wizard on Mar 15, 2021.
             Slain by a gnoll shaman
             ... wielding a +0 whip
              (9 damage)
             ... on level 6 of the Dungeon.
             The game lasted 00:09:47 (5211 turns).

pokeman the Magician (Deep Elf Hedge Wizard)        Turns: 5211, Time: 00:09:48

Health: 0/29       AC:  7    Str:  7    XL:     5   Next: 65%
Magic:  9/16       EV: 11    Int: 20    God:
Gold:   101        SH:  0    Dex: 14    Spells: 6/17 levels left

rFire    . . .     SeeInvis .   n - +4 quarterstaff (chaos)
rCold    . . .     Faith    .   (shield currently unavailable)
rNeg     . . .     Spirit   .   g - +0 leather armour
rPois    .         Reflect  .   h - +2 helmet
rElec    .         Harm     .   o - +0 cloak
rCorr    .         Rampage  .   (no gloves)
Will     .....                  (no boots)
Stlth    ++........             (no amulet)
HPRegen  0.09/turn              (no ring)
MPRegen  0.15/turn              (no ring)

@: no status effects
A: no striking features
a: no special abilities


You were on level 6 of the Dungeon.
You visited 1 branch of the dungeon, and saw 4 of its levels.
You also visited: Sewer.

You collected 101 gold pieces.

Inventory:

Hand Weapons
 n - a +4 quarterstaff of chaos (weapon)
Missiles
 c - 29 arrows
 i - 18 bolts
Armour
 g - a +0 leather armour (worn)
 h - a +2 helmet (worn)
 k - a +0 buckler
 o - a +0 cloak (worn)
Jewellery
 p - a ring of see invisible
Wands
 l - a wand of flame (27)
Scrolls
 b - 4 scrolls of identify {unknown}
 d - a scroll of fog {unknown}
 m - 3 scrolls of teleportation {unknown}
Potions
 a - a potion of magic {unknown}
 e - a potion of resistance {unknown}
 f - 2 potions of haste {unknown}
 j - 4 potions of curing {unknown}


   Skills:
 - Level 1.0 Fighting
 - Level 1.0 Armour
 - Level 2.4 Dodging
 - Level 2.4 Stealth
 - Level 1.0 Shields
 * Level 6.5 Spellcasting
 + Level 2.8 Conjurations
 - Level 1.1 Summonings
 - Level 1.1 Translocations
 - Level 1.2 Fire Magic
 + Level 0.8 Air Magic
 + Level 0.9 Poison Magic


You had 6 spell levels left.
You knew the following spells:

 Your Spells              Type           Power      Damage    Failure   Level
a - Magic Dart            Conj           72%        1d6       4%          1
b - Mephitic Cloud        Conj/Pois/Air  12%        N/A       22%         3
c - Call Imp              Summ           10%        N/A       14%         2
d - Blink                 Tloc           N/A        N/A       14%         2
e - Conjure Flame         Conj/Fire      14%        6-21      19%         3

Your spell library contained the following spells:

 Spells                   Type           Power      Damage    Failure   Level
 Slow                     Hex            6%         N/A       22%         2


Dungeon Overview and Level Annotations

Branches:
Dungeon (3/15)              Sewer (visited)

Altars:
Okawaru
Qazlal

Annotations:
D:3 Grinder


Message History

The stinking cloud engulfs you but does no damage.
You are engulfed in noxious fumes.
You hear a shout! x2
The centaur is engulfed in noxious fumes.
The centaur appears confused.
The kobold brigand is engulfed in noxious fumes.
The kobold brigand appears confused.
The kobold brigand hits the gnoll.
The gnoll is engulfed in noxious fumes.
The gnoll appears confused.
The gnoll hits you with a +0 club!
The kobold hits the gnoll.
The gnoll is engulfed in noxious fumes.
The gnoll appears confused.
An ogre opens the large door.
A hobgoblin comes into view. It is wielding a +0 club.
Unknown command.
Unknown command.
The centaur is engulfed in noxious fumes. x2
The centaur appears confused.
The kobold brigand is engulfed in noxious fumes.
The kobold brigand appears confused.
The kobold brigand hits the gnoll shaman.
The kobold laughs at nothing.
The gnoll is engulfed in noxious fumes.
The gnoll appears confused.
The gnoll laughs crazily.
The gnoll hits the kobold with a +0 club.
The kobold is killed!
The gnoll barely misses itself.
The gnoll shaman is engulfed in noxious fumes.
The gnoll shaman appears confused.
Unknown command.
Unknown command.
You hit the gnoll shaman. You burn the gnoll shaman.
The gnoll shaman is severely wounded.
The centaur is engulfed in noxious fumes.
The centaur appears confused.
The kobold brigand is engulfed in noxious fumes.
The kobold brigand appears confused.
The gnoll shaman is engulfed in noxious fumes.
The gnoll shaman appears confused.
The gnoll shaman ponders the situation.
The gnoll shaman hits you with a +0 whip!
You die...

#############
.#.......O..
#.......g.
#$....$.#
#.(.?...#
#.☼cg...#
#.☼g°$..#
#.○Kgg..#
#.$@.°.[#
#########
♣..♣ ♣...
.... ......
#..##. #.. ##


You could see a kobold brigand (confused), an ogre, a centaur (confused), 2
gnoll shamans, 2 gnolls and a hobgoblin.

Vanquished Creatures
  Crazy Yiuf (D:2)
  Robin (D:2)
  5 adders
  2 oozes (D:2)
  2 worms (D:3)
  3 dart slugs
  4 leopard geckos
  3 orcs (D:3)
  11 bats
  4 giant cockroaches
  8 goblins
  13 hobgoblins
  19 jackals
  4 ball pythons
  3 frilled lizards
  15 kobolds
  5 rats
103 creatures vanquished.

Vanquished Creatures (others)
  13 plants
13 creatures vanquished.

Grand Total: 116 creatures vanquished

Notes
Turn   | Place    | Note
-------+----------+-------------------------------------------
     0 | D:1      | pokeman the Deep Elf Hedge Wizard began the quest for the
                  | Orb.
     0 | D:1      | Reached XP level 1. HP: 10/10 MP: 7/7
   223 | D:1      | Reached XP level 2. HP: 15/16 MP: 3/9
  1179 | D:1      | Reached skill level 5 in Spellcasting
  1517 | D:1      | Reached XP level 3. HP: 20/20 MP: 9/11
  1544 | D:1      | Learned a level 3 spell: Mephitic Cloud
  1547 | D:1      | Learned a level 2 spell: Call Imp
  1550 | D:1      | Learned a level 2 spell: Blink
  1554 | D:1      | Learned a level 3 spell: Conjure Flame
  1861 | D:2      | Found a stormy altar of Qazlal.
  2264 | D:2      | Reached skill level 1 in Armour
  2309 | D:2      | Reached skill level 1 in Fighting
  2584 | D:2      | Noticed Robin
  2592 | D:2      | Killed Robin
  2593 | D:2      | Reached XP level 4. HP: 19/25 MP: 3/13
  3139 | D:2      | Found a runed translucent door.
  3140 | D:2      | Noticed Crazy Yiuf
  3148 | D:2      | Killed Crazy Yiuf
  3149 | D:2      | Reached skill level 6 in Spellcasting
  3149 | D:2      | Reached skill level 1 in Fire Magic
  3280 | D:2      | Reached XP level 5. HP: 29/29 MP: 12/15
  3426 | D:3      | Found a glowing drain.
  3487 | Sewer    | Entered a sewer
  3577 | Sewer    | Reached skill level 1 in Shields
  4613 | D:3      | Noticed Grinder
  4656 | D:3      | Paralysed by Grinder for 6 turns
  5031 | D:3      | Found an iron altar of Okawaru.
  5206 | D:3      | You fall into a shaft and drop 3 floors!
  5206 | D:6      | Noticed a centaur
  5210 | D:6      | Noticed an ogre
  5211 | D:6      | Slain by a gnoll shaman

Illustrated notes

Levels and vault maps discovered:
D:1:      amcnicky_arrival_abandoned_market, layout_basic
D:2:      layout_loops_ring, nicolae_qazlal_general_emergency,
          serial_bayou_pond_d, uniq_robin, uniq_crazy_yiuf_cottage
D:3:      layout_basic, cheibrodos_sewer_entry_bend, serial_park_tiny_pond,
          okawaru_altar_gauntlet_db, uniq_grinder
D:6:      kennysheep_housing_project, layout_gridville,
          grunt_temple_overflow_open, minmay_temple_entry_proselytizer,
          serial_shops, shop, uniq_maggie, uniq_prince_ribbit1

Skill      XL: |  1  2  3  4  5 |
---------------+----------------+-----
Spellcasting   | 5 6 |  6.5
Conjurations   | 2 |  2.8
Armour         | 1 |  1.0
Fighting       | 1 |  1.0
Fire Magic     | 1 |  1.2
Shields        | 1 |  1.0
Dodging        | |  2.4
Stealth        | |  2.4
Summonings     | |  1.1
Translocations | |  1.1
Air Magic      | |  0.8
Poison Magic   | |  0.9

Action                   |  1- 3 |  4- 6 || total
-------------------------+-------+-------++-------
Melee: Dagger            |    48 |     5 ||    53
       Quarterstaff      |       |    22 ||    22
 Cast: Magic Dart        |   124 |   122 ||   246
       Mephitic Cloud    |     1 |     6 ||     7
       Conjure Flame     |     1 |     2 ||     3
       Blink             |       |     1 ||     1
       Call Imp          |       |     1 ||     1
 Stab: Sleeping          |       |     1 ||     1
Armor: Robe              |     6 |       ||     6
       Leather armour    |    33 |    18 ||    51
Dodge: Dodged            |    57 |    24 ||    81

Table legend: (Time is in decaauts)
 A = Elapsed time spent in this place.
 B = Non-inter-level travel time spent in this place.
 C = Inter-level travel time spent in this place.
 D = Time resting spent in this place.
 E = Time spent auto-exploring this place.
 F = Levels seen in this place.
 G = Mean time per level.
                   A        B        C        D        E       F      G
               +--------+--------+--------+--------+--------+-----+--------+
         Total |   5358 |   5329 |     29 |    216 |   4375 |   5 | 1071.6 |
       Dungeon |   4359 |   4330 |     29 |    216 |   3495 |   4 | 1089.8 |
         Sewer |    999 |    999 |      0 |      0 |    880 |   1 |  999.0 |
               +--------+--------+--------+--------+--------+-----+--------+

Top non-repeatable levels by time:
     D:1: 1851 daAuts
     D:2: 1630 daAuts
   Sewer: 999 daAuts
     D:3: 872 daAuts
     D:6: 5 daAuts
